[Event "Titled Tuesday Blitz May 4 2021"]
[White "Gahan, M G"]
[Black "Preotu, Razvan"]
[WhiteFideId "5027373"]
[BlackFideId "2613280"]
[WhiteElo "2613"]
[BlackElo "2771"]
[Result "1-0"]
[Round "04"]
[TimeControl "180+1"]
[Date "2021.05.04"]
[WhiteClock "0:00:07"]
[BlackClock "0:00:04"]

1. e4 c5 2. c3 Nf6 3. e5 Nd5 4. d4 cxd4 5. cxd4 d6 6. Nf3 Nc6 7. Bc4 Nb6 8. Bb5 dxe5 9. Nxe5 Bd7 10. Nxd7 Qxd7 11. Nc3 e6 12. O-O a6 13. Bxc6 Qxc6 14. Be3 Bb4 15. d5 Nxd5 16. Nxd5 Qxd5 17. Qa4+ Qb5 18. Qxb5+ axb5 19. a3 Bd6 20. Rfd1 Ke7 21. Rd3 Rhc8 22. Rad1 Ra6 23. Rb3 b4 24. axb4 b5 25. g3 Rc4 26. Rbd3 Bxb4 27. Rd7+ Kf6 28. Rb7 Bc5 29. Bxc5 Rxc5 30. Rdd7 Ra2 31. Rxf7+ Ke5 32. b4 Rcc2 33. Rxb5+ Kd4 34. Rbb7 e5 35. Rbd7+ Ke4 36. Kg2 Rab2 37. h4 g6 38. Rb7 h6 39. b5 g5 40. h5 g4 41. Rb6 Rc1 42. Rg7 Rbb1 43. Rxg4+ Kf5 44. Rgg6 e4 45. Rbf6+ Ke5 46. Re6+ Kd5 47. Kh3 Rf1 48. Ref6 Ke5 49. Rxh6 e3 50. Re6+ Kf5 51. Rxe3 Rh1+ 52. Kg2 Rxb5 53. Rf3+ Ke4 54. Rh8 Rg1+ 55. Kxg1 Kxf3 56. Rf8+ Kg4 57. Rf4+ Kxh5 58. Kg2 Kg5 59. Rh4 Rb3 60. Rd4 Ra3 61. Rd5+ Kg6 62. f4 Rb3 63. Kh3 Ra3 64. Kg4 Kf6 65. Rd6+ Ke7 66. Rb6 Kf7 67. f5 Rc3 68. Kf4 Rc4+ 69. Kg5 Rc7 70. g4 Ra7 71. Rh6 Kg7 72. f6+ Kg8 73. Rh3 Rb7 74. Re3 Ra7 75. Re8+ Kf7 76. Re7+ Rxe7 77. fxe7 Kxe7 78. Kh6 Kf8 79. g5 Kg8 80. Kg6 Kh8 81. Kf7 Kh7 82. g6+ 1-0


[Site "https://www.chess.com"]

[Event "Titled Tuesday Blitz May 4 2021"]
[White "Garcia Blanco, Omar"]
[Black "Yeremyan, Alen"]
[WhiteFideId "2287153"]
[BlackFideId "13308998"]
[WhiteElo "2273"]
[BlackElo "2158"]
[Result "0-1"]
[Round "04"]
[TimeControl "180+1"]
[Date "2021.05.04"]
[WhiteClock "0:00:02"]
[BlackClock "0:00:21"]

1. e4 Nf6 2. e5 Nd5 3. d4 d6 4. exd6 cxd6 5. c4 Nb6 6. Nc3 g6 7. Be3 Bg7 8. Rc1 O-O 9. b3 Bf5 10. Be2 d5 11. g4 Be6 12. c5 Nc8 13. h4 f5 14. Nh3 Kh8 15. Ng5 Bg8 16. h5 f4 17. h6 fxe3 18. hxg7+ Kxg7 19. fxe3 e5 20. Nf3 e4 21. Ne5 Nc6 22. Nxc6 bxc6 23. Kd2 Qg5 24. Qg1 Ne7 25. Qg3 Rae8 26. Qh2 Rf7 27. Rcf1 Ref8 28. Rxf7+ Rxf7 29. Nd1 h6 30. Nf2 Rf8 31. Nh3 Qh4 32. g5 Nf5 33. Qe5+ Kh7 34. gxh6 Rf7 35. Rh2 Re7 36. Qb8 a5 37. a4 Be6 38. Qf4 Qxf4 39. Nxf4 Nxh6 40. Bf1 Bf5 41. Bh3 Kg7 42. Bxf5 Nxf5 43. Rg2 Nh4 44. Rg4 Nf3+ 45. Ke2 g5 46. Nh3 Kf6 47. Ng1 Kf5 48. Rg3 g4 49. Nxf3 exf3+ 50. Kd3 Rb7 51. Kc3 f2 0-1


[Site "https://www.chess.com"]

[Event "Titled Tuesday Blitz May 4 2021"]
[White "Gedgafov, Chamal"]
[Black "Korchagina, Alena"]
[WhiteFideId "34130621"]
[BlackFideId "24173452"]
[WhiteElo "2005"]
[BlackElo "1919"]
[Result "1-0"]
[Round "04"]
[TimeControl "180+1"]
[Date "2021.05.04"]
[WhiteClock "0:00:17"]
[BlackClock "0:00:08"]

1. d4 d5 2. c4 dxc4 3. Nf3 a6 4. a4 Nf6 5. Nc3 c5 6. d5 e6 7. e4 exd5 8. exd5 Bd6 9. Bxc4 O-O 10. O-O Bg4 11. h3 Bh5 12. Bg5 Nbd7 13. Ne4 Be5 14. g4 Bg6 15. Nxf6+ Bxf6 16. Bf4 Re8 17. Qd2 Ne5 18. Nxe5 Bxe5 19. Rfe1 Qf6 20. Bxe5 Rxe5 21. Rxe5 Qxe5 22. Re1 Qd6 23. Qe3 h5 24. a5 hxg4 25. hxg4 Qd7 26. f3 Qa4 27. b3 Qxa5 28. Rd1 Qd8 29. d6 Qh4 30. Kg2 Qf6 31. Qxc5 Qb2+ 32. Kg3 Re8 33. d7 Rd8 34. Qe7 Qf6 35. Qc5 b6 36. Qc7 Qe7 37. Rd4 b5 38. Bf1 f5 39. Qd6 Qxd6+ 40. Rxd6 Kf7 41. Rxa6 Rxd7 42. Bxb5 Rb7 43. Bc4+ Ke7 44. Rxg6 fxg4 45. Rxg7+ 1-0


[Site "https://www.chess.com"]

[Event "Titled Tuesday Blitz May 4 2021"]
[White "Gelman, Alexander"]
[Black "Spencenzug"]
[WhiteFideId "4118316"]
[WhiteElo "2375"]
[BlackElo "2318"]
[Result "1-0"]
[Round "04"]
[TimeControl "180+1"]
[Date "2021.05.04"]
[WhiteClock "0:00:12"]
[BlackClock "0:00:16"]

1. d4 Nf6 2. Nc3 d5 3. Bf4 a6 4. e3 e6 5. g4 c5 6. g5 Ne4 7. Nxe4 dxe4 8. Bg2 cxd4 9. exd4 Nc6 10. Ne2 Qa5+ 11. Qd2 Qxd2+ 12. Kxd2 e5 13. dxe5 Bf5 14. Rad1 Bc5 15. Ng3 Bg4 16. Rdf1 Bf3 17. Bxf3 exf3 18. Ne4 O-O-O 19. Kc1 Be7 20. Rd1 Nd4 21. Nd6+ Bxd6 22. Rxd4 Bc7 23. Rhd1 Rxd4 24. Rxd4 Re8 25. Rd3 Bxe5 26. Bxe5 Rxe5 27. Rxf3 Re7 28. Re3 Rd7 29. c4 Kc7 30. Kc2 Kc6 31. Kc3 b6 32. Rf3 a5 33. h4 Re7 34. h5 Rd7 35. Rf5 Re7 36. a3 a4 37. Kb4 Ra7 38. f4 h6 39. gxh6 gxh6 40. Rf6+ 1-0


[Site "https://www.chess.com"]

[Event "Titled Tuesday Blitz May 4 2021"]
[White "Gerola, Fausto"]
[Black "Manukyan, Sargis A."]
[WhiteFideId "845175"]
[BlackFideId "13303970"]
[WhiteElo "2166"]
[BlackElo "2187"]
[Result "0-1"]
[Round "04"]
[TimeControl "180+1"]
[Date "2021.05.04"]
[WhiteClock "0:00:08"]
[BlackClock "0:00:33"]

1. e4 c5 2. Nf3 d6 3. d4 cxd4 4. Nxd4 Nf6 5. Nc3 g6 6. Bg5 Bg7 7. Qd2 O-O 8. O-O-O Nc6 9. Nxc6 bxc6 10. Bh6 Rb8 11. Bxg7 Kxg7 12. Bc4 Qa5 13. Bb3 Be6 14. Kb1 Qb6 15. f4 a5 16. Na4 Qb4 17. Qxb4 Rxb4 18. e5 Nh5 19. exd6 exd6 20. g3 Bxb3 21. axb3 d5 22. Rhe1 Nf6 23. Nc5 h5 24. Nd3 Rbb8 25. Ne5 Rfc8 26. Rd4 Ne4 27. Ra4 Rb5 28. Ka2 Nc5 29. Ra3 f6 30. Nf3 Kf7 31. Nd4 Rb4 32. c3 Nd3 33. cxb4 Nxe1 34. bxa5 c5 35. Nb5 d4 36. Nd6+ Ke6 37. Nxc8 d3 38. a6 d2 39. a7 d1=Q 40. a8=Q Nc2 41. Ra6+ Kf5 42. Ne7+ Kg4 43. Qc8+ f5 44. b4 Nxb4+ 45. Ka3 Qd3+ 46. Ka4 Nxa6 47. Ka5 Nb4 48. Qxc5 Nc2 49. b4 Nd4 50. Kb6 Ne6 51. Qc6 Qd4+ 52. Ka6 Qf6 53. Nd5 Qa1+ 54. Kb7 Nd8+ 55. Kc7 Nxc6 56. Kxc6 Qc1+ 57. Kd6 h4 58. b5 hxg3 59. hxg3 Qa3+ 60. Kc6 Kxg3 61. b6 Qc1+ 62. Kd7 Qd2 63. Kc6 Qc2+ 64. Kd6 Qb3 65. Kc6 Qc4+ 66. Kd6 Qb5 67. Ke6 g5 68. fxg5 f4 69. g6 Qc6+ 70. Ke5 Qxg6 0-1


[Site "https://www.chess.com"]

[Event "Titled Tuesday Blitz May 4 2021"]
[White "Gevorgyan, David Sh."]
[Black "Tristan, Leonardo"]
[WhiteFideId "13303244"]
[BlackFideId "113816"]
[WhiteElo "2554"]
[BlackElo "2766"]
[Result "0-1"]
[Round "04"]
[TimeControl "180+1"]
[Date "2021.05.04"]
[WhiteClock "0:00:03"]
[BlackClock "0:00:07"]

1. d4 d5 2. c4 e6 3. Nc3 a6 4. Nf3 Nf6 5. e3 b6 6. cxd5 exd5 7. Bd3 Bb7 8. O-O Bd6 9. Ne5 Nbd7 10. f4 O-O 11. Bd2 Ne4 12. Qc2 f5 13. Rf3 c5 14. Rh3 Rc8 15. Be1 b5 16. Bh4 Qe8 17. Qe2 Nxe5 18. fxe5 Be7 19. Rf1 g5 20. Be1 Qg6 21. g4 fxg4 22. Qxg4 Rxf1+ 23. Bxf1 Rf8 24. Qd7 Qf5 25. Qxf5 Rxf5 26. Rh6 Rf7 27. a4 b4 28. Nxe4 dxe4 29. Bc4 Kg7 30. Rb6 Bd8 31. Rd6 Bc7 32. Bxf7 Bxd6 33. e6 a5 34. Kf2 Bc8 35. b3 Kf6 36. h3 cxd4 37. exd4 Bxe6 38. Bxe6 Kxe6 39. Ke3 Kd5 40. Bd2 Bf4+ 41. Ke2 Bxd2 42. Kxd2 Kxd4 43. Ke2 e3 0-1


[Site "https://www.chess.com"]

[Event "Titled Tuesday Blitz May 4 2021"]
[White "Girish, A. Koushik"]
[Black "MATHEUSMDR2005"]
[WhiteFideId "5038448"]
[WhiteElo "2387"]
[BlackElo "2359"]
[Result "1/2-1/2"]
[Round "04"]
[TimeControl "180+1"]
[Date "2021.05.04"]
[WhiteClock "0:00:07"]
[BlackClock "0:00:01"]

1. d4 e6 2. c4 d5 3. Nc3 Nf6 4. cxd5 exd5 5. Bg5 Be7 6. e3 O-O 7. Bd3 c6 8. Qc2 Nbd7 9. Nge2 Re8 10. O-O Nf8 11. Rae1 g6 12. f3 Ne6 13. Bh6 b5 14. Ng3 Bb7 15. Kh1 Rc8 16. Qf2 b4 17. Nce2 c5 18. dxc5 Bxc5 19. Nd4 Bf8 20. Bxf8 Kxf8 21. e4 dxe4 22. Nxe6+ Rxe6 23. Bxe4 Nxe4 24. fxe4 Qe7 25. Qxa7 Rc2 26. Qd4 Kg8 27. Rc1 Rec6 28. Rcd1 Rc7 29. h3 R2c4 30. Qd8+ Qxd8 31. Rxd8+ Kg7 32. Rf2 Bxe4 33. b3 Rc1+ 34. Kh2 Bb1 35. Rd4 R1c2 36. Rxc2 Rxc2 37. Rxb4 Rxa2 38. Rb7 Rb2 39. b4 h5 40. h4 Ba2 41. Rb5 Bc4 42. Rc5 Rxb4 43. Ne4 Be6 44. Re5 Bf5 45. Nd6 Rxh4+ 46. Kg3 Rg4+ 47. Kf3 Rg5 48. Ne8+ Kf8 49. Nf6 Bg4+ 50. Kf4 Rxe5 51. Kxe5 Kg7 52. g3 Be6 53. Ne4 Kh6 54. Kf6 Bf5 55. Ng5 Be6 56. Ne4 Kh7 57. Ng5+ Kg8 58. Ne4 Kf8 59. Ng5 Ba2 60. Nh7+ Ke8 61. Ng5 Bb1 62. Nxf7 Kf8 63. Ng5 Kg8 64. Ne6 Kh7 65. Ng5+ Kh6 66. Nf7+ Kh7 67. Ng5+ Kg8 68. Nf7 Kf8 69. Ng5 Ke8 70. Ne6 Kd7 71. Nf4 h4 72. gxh4 Ke8 73. Nxg6 Bxg6 74. Kxg6 Kf8 75. Kh7 Kf7 76. h5 Kf8 77. h6 Kf7 78. Kh8 Kf8 79. h7 Kf7 1/2-1/2


[Site "https://www.chess.com"]

[Event "Titled Tuesday Blitz May 4 2021"]
[White "Golsta, Madara"]
[Black "Buscar, Michael"]
[WhiteFideId "11607386"]
[BlackFideId "2603616"]
[WhiteElo "1880"]
[BlackElo "2010"]
[Result "0-1"]
[Round "04"]
[TimeControl "180+1"]
[Date "2021.05.04"]
[WhiteClock "0:00:02"]
[BlackClock "0:00:06"]

1. c4 Nf6 2. Nf3 e6 3. g3 b6 4. Bg2 Bb7 5. O-O c5 6. Nc3 Be7 7. b3 O-O 8. Bb2 d6 9. d3 Nbd7 10. e4 a6 11. Nd2 Re8 12. f4 Nf8 13. Qe2 Qc7 14. Rae1 Rad8 15. g4 N6d7 16. g5 Nb8 17. Qg4 Nc6 18. Nf3 Ng6 19. h4 Bf8 20. h5 Nge7 21. Ne2 d5 22. f5 exf5 23. exf5 d4 24. Bc1 Bc8 25. Ng3 Nb4 26. Bf4 Qd7 27. Ne5 Qa7 28. a3 Nc2 29. Re2 Ne3 30. Rxe3 dxe3 31. Bxe3 Nxf5 32. Rxf5 Rxe5 33. Bf4 Rxf5 34. Nxf5 Qd7 35. Be4 g6 36. hxg6 hxg6 37. Qh4 gxf5 38. Be5 Bg7 39. g6 fxg6 40. Bxg7 Kxg7 41. Bd5 Re8 42. Qf4 Bb7 0-1


[Site "https://www.chess.com"]

[Event "Titled Tuesday Blitz May 4 2021"]
[White "Golubev, Mikhail"]
[Black "Leitao, Rafael"]
[WhiteFideId "14100983"]
[BlackFideId "2101246"]
[WhiteElo "2374"]
[BlackElo "2609"]
[Result "1/2-1/2"]
[Round "04"]
[TimeControl "180+1"]
[Date "2021.05.04"]
[WhiteClock "0:00:47"]
[BlackClock "0:00:26"]

1. e4 e5 2. Nf3 Nc6 3. Nc3 Nf6 4. d4 exd4 5. Nxd4 Bb4 6. Nxc6 bxc6 7. Bd3 d5 8. Bd2 O-O 9. O-O Bxc3 10. Bxc3 Nxe4 11. Bxe4 dxe4 12. Qe2 Qh4 13. Rad1 Re8 14. Rd4 Bf5 15. Qe3 Re6 16. f3 Rae8 17. fxe4 Rxe4 18. Rxe4 Bxe4 19. Qxa7 Bxg2 20. Kxg2 Qg4+ 21. Kh1 Qe4+ 22. Kg1 Qg4+ 23. Kh1 Qe4+ 24. Kg1 Qg4+ 25. Kh1 1/2-1/2


[Site "https://www.chess.com"]

[Event "Titled Tuesday Blitz May 4 2021"]
[White "Gombocz, Ferenc Jr."]
[Black "Garcia Garcia, Alejandro"]
[WhiteFideId "775029"]
[BlackFideId "3516334"]
[WhiteElo "1913"]
[BlackElo "2131"]
[Result "0-1"]
[Round "04"]
[TimeControl "180+1"]
[Date "2021.05.04"]
[WhiteClock "0:00:06"]
[BlackClock "0:00:20"]

1. c4 Nf6 2. g3 g6 3. Bg2 Bg7 4. Nc3 O-O 5. e4 d6 6. Nge2 e5 7. O-O a5 8. d3 c5 9. h3 h6 10. f4 exf4 11. Nxf4 Nc6 12. Nfd5 Nxd5 13. Nxd5 Nd4 14. Be3 Be6 15. Nf4 Qd7 16. Qd2 Kh7 17. Kh2 a4 18. Rae1 Rab8 19. Rf2 b5 20. cxb5 Bxa2 21. Ref1 Qxb5 22. Nd5 Bxd5 23. exd5 f5 24. g4 Qd7 25. gxf5 Nxf5 26. Be4 Rxb2 27. Qe1 Be5+ 28. Kg1 Rxf2 29. Qxf2 a3 30. Bxf5 Rxf5 31. Qh4 Rxf1+ 32. Kxf1 Qf5+ 33. Ke2 Qh5+ 34. Qxh5 gxh5 35. d4 Bxd4 36. Bxd4 cxd4 37. Kd3 a2 38. Kxd4 a1=Q+ 0-1


[Site "https://www.chess.com"]

[Event "Titled Tuesday Blitz May 4 2021"]
[White "Grineva, Marianna"]
[Black "Petrova, Irina"]
[WhiteFideId "14102013"]
[BlackFideId "14124122"]
[WhiteElo "1925"]
[BlackElo "2022"]
[Result "1/2-1/2"]
[Round "04"]
[TimeControl "180+1"]
[Date "2021.05.04"]
[WhiteClock "0:00:12"]
[BlackClock "0:00:04"]

1. e4 d6 2. d4 Nf6 3. Nc3 e5 4. Nf3 Nbd7 5. Bc4 Be7 6. g4 O-O 7. g5 Nh5 8. Rg1 Nf4 9. h4 c6 10. a4 d5 11. exd5 cxd5 12. Bxd5 Nxd5 13. Nxd5 Qa5+ 14. Nc3 exd4 15. Nxd4 Bb4 16. Ne2 Ne5 17. Rg3 Bg4 18. Qd4 Nf3+ 19. Rxf3 Bxf3 20. Bd2 Rad8 21. Qf4 Bxe2 22. Kxe2 Rfe8+ 23. Kf1 Qa6+ 24. Kg1 Qd6 25. Qxd6 Rxd6 26. Be3 Bxc3 27. bxc3 b6 28. a5 h6 29. axb6 axb6 30. gxh6 gxh6 31. Ra6 Ree6 32. Kf1 Kg7 33. Bd4+ Kg6 34. Be3 Kh5 35. Ra7 Kxh4 36. Rxf7 Rd1+ 37. Ke2 Rdd6 38. Rf4+ Kh5 39. c4 Kg6 40. Rg4+ Kh7 41. Rf4 h5 42. Rf5 Kg6 43. Rg5+ Kh6 44. Rb5+ Kg6 45. c5 bxc5 46. Rxc5 h4 47. Rg5+ Kf6 48. Rg4 Rc6 49. Rxh4 Rxc2+ 50. Kf3 Rcc6 51. Rf4+ Kg6 52. Rg4+ Kf7 53. Rh4 Rf6+ 54. Ke2 Rc2+ 55. Kd3 Rcxf2 56. Bxf2 Rxf2 57. Re4 Rf6 1/2-1/2


[Site "https://www.chess.com"]

[Event "Titled Tuesday Blitz May 4 2021"]
[White "Gritsenko, Nikolai"]
[Black "Daniel, Damian"]
[WhiteFideId "14112493"]
[BlackFideId "1183621"]
[WhiteElo "2389"]
[BlackElo "2055"]
[Result "1-0"]
[Round "04"]
[TimeControl "180+1"]
[Date "2021.05.04"]
[WhiteClock "0:00:58"]
[BlackClock "0:01:23"]

1. e4 Nf6 2. e5 Nd5 3. d4 Nb6 4. c4 d6 5. exd6 exd6 6. Nf3 Bg4 7. h3 Bh5 8. Nc3 Be7 9. Be3 O-O 10. g4 Bg6 11. h4 f5 12. h5 Bf7 13. h6 g6 14. gxf5 gxf5 15. d5 Bf6 16. Qc2 Bg6 17. Bd3 N8d7 18. O-O-O Ne5 19. Nxe5 Bxe5 20. f4 Bf6 21. Bxf5 Bxf5 22. Qxf5 Nxc4 23. Rdg1+ Kh8 24. Rg7 1-0


[Site "https://www.chess.com"]

[Event "Titled Tuesday Blitz May 4 2021"]
[White "Grochal, Joey"]
[Black "Mezentsev, Ivan"]
[WhiteFideId "1019945"]
[BlackFideId "13706195"]
[WhiteElo "2265"]
[BlackElo "2295"]
[Result "0-1"]
[Round "04"]
[TimeControl "180+1"]
[Date "2021.05.04"]
[WhiteClock "0:00:34"]
[BlackClock "0:00:19"]

1. d4 Nf6 2. c4 g6 3. Nc3 Bg7 4. e4 d6 5. h3 O-O 6. Bg5 c5 7. d5 a6 8. a4 e6 9. Nf3 exd5 10. cxd5 Re8 11. Bd3 c4 12. Bc2 Nbd7 13. O-O Qc7 14. Re1 Rb8 15. Bf4 Nh5 16. Bh2 Ne5 17. Nxe5 Bxe5 18. Bxe5 Rxe5 19. Qd2 Qc5 20. Kh2 g5 21. a5 Bd7 22. Re3 Rbe8 23. Rg3 Nxg3 24. Kxg3 h6 25. f4 gxf4+ 26. Qxf4 Rg5+ 27. Kh2 Qd4 28. Rf1 Re7 29. Qf6 Qe5+ 30. Qxe5 dxe5 31. Rf6 Rg6 32. Rf3 b5 33. Nd1 Kg7 34. Ne3 Rf6 35. Rg3+ Kh7 36. Kg1 Re8 37. b3 cxb3 38. Bxb3 Rg8 39. Rxg8 Kxg8 40. Bc2 Kf8 41. Bd3 Ke7 42. Nc2 Kd6 43. Nb4 Kc5 44. Nc2 b4 0-1


[Site "https://www.chess.com"]

[Event "Titled Tuesday Blitz May 4 2021"]
[White "Grunberg, Mihai-Lucian"]
[Black "Zhou, Qiyu"]
[WhiteFideId "1204149"]
[BlackFideId "505161"]
[WhiteElo "2364"]
[BlackElo "1925"]
[Result "1-0"]
[Round "04"]
[TimeControl "180+1"]
[Date "2021.05.04"]
[WhiteClock "0:00:34"]
[BlackClock "0:00:03"]

1. Nf3 Nf6 2. c4 d5 3. g3 d4 4. Bg2 c5 5. O-O Nc6 6. a3 a5 7. d3 e6 8. e3 Be7 9. exd4 cxd4 10. Bf4 O-O 11. Ne5 Nxe5 12. Bxe5 Ne8 13. Qg4 f6 14. Qxd4 fxe5 15. Qxe5 Bf6 16. Qh5 Bxb2 17. Ra2 Bd4 18. Nd2 Nf6 19. Qh4 Ra6 20. Nf3 Rd6 21. Re2 b6 22. Rb1 h6 23. Bh3 Nh7 24. Qxd8 Rfxd8 25. Nxd4 Rxd4 26. Rxb6 Ng5 27. Bg4 Rxd3 28. h4 Nf3+ 29. Kg2 Nd4 30. Re4 Rxa3 31. Rb8 Nc6 32. Rxc8 Rxc8 33. Bxe6+ Kh7 34. Bxc8 Rc3 35. h5 Kg8 36. Be6+ Kf8 37. Rf4+ Ke7 38. Bd5 Ne5 39. Re4 Kd6 40. f4 Rc2+ 41. Kh3 Nd3 42. Re6+ Kc5 43. Rg6 a4 44. Rxg7 a3 45. Ra7 a2 46. f5 Ne5 47. f6 Rf2 48. f7 Nxf7 49. Bxf7 Rxf7 50. Rxa2 Kxc4 51. Ra6 Rh7 52. Rd6 Kc5 53. Rd8 Kc6 54. Kg4 Kc7 55. Rd5 Rg7+ 56. Kf4 Rf7+ 57. Rf5 Rg7 58. Rf6 Rh7 59. Kf5 Kd7 60. Kg6 Rh8 61. Kg7 Ra8 62. Kxh6 Rg8 63. Rg6 Rh8+ 64. Kg5 Ke7 65. g4 Kf7 66. h6 Ra8 67. Rg7+ Kf8 68. Kh5 Ra5+ 69. g5 Ra1 70. Kg6 Ra6+ 71. Kh7 Ra1 72. g6 Rh1 1-0


[Site "https://www.chess.com"]

[Event "Titled Tuesday Blitz May 4 2021"]
[White "Gurevich, Dmitry"]
[Black "Acor, Corey"]
[WhiteFideId "2000407"]
[BlackFideId "2024861"]
[WhiteElo "2506"]
[BlackElo "2748"]
[Result "0-1"]
[Round "04"]
[TimeControl "180+1"]
[Date "2021.05.04"]
[WhiteClock "0:00:03"]
[BlackClock "0:00:20"]

1. d4 Nf6 2. c4 e5 3. dxe5 Ng4 4. Bf4 Nc6 5. Nf3 Bb4+ 6. Nc3 Qe7 7. Qd5 Bxc3+ 8. bxc3 Qa3 9. Qd2 Qe7 10. Qd5 f6 11. exf6 Nxf6 12. Qd3 d6 13. g3 Bg4 14. Bg2 O-O 15. O-O Rae8 16. Rfe1 Ne4 17. Nd4 Bd7 18. Bxe4 Qxe4 19. Qxe4 Rxe4 20. Nxc6 Bxc6 21. c5 dxc5 22. Bxc7 Rfe8 23. e3 Rc4 24. Rac1 Bf3 25. h4 Re7 26. Bd6 Re6 27. Bf4 Ra6 28. Rc2 Be4 29. Rd2 Rxc3 30. Rd7 Rd3 31. Rc7 Bc6 32. Be5 Rd7 33. Rxd7 Bxd7 34. Rd1 Bc6 35. Rd2 Kf7 36. g4 Ra4 37. f4 g6 38. Kf2 c4 39. Kg3 Ra3 40. Kf2 Be4 41. Rd4 Rxa2+ 42. Kg3 Bc6 43. Rxc4 Ke6 44. Bd4 a5 45. Rc5 a4 46. f5+ gxf5 47. gxf5+ Kf7 0-1


[Site "https://www.chess.com"]

[Event "Titled Tuesday Blitz May 4 2021"]
[White "Gusarov, Grigory"]
[Black "Ronka, Erik"]
[WhiteFideId "24102172"]
[BlackFideId "505080"]
[WhiteElo "2285"]
[BlackElo "2264"]
[Result "1-0"]
[Round "04"]
[TimeControl "180+1"]
[Date "2021.05.04"]
[WhiteClock "0:00:14"]
[BlackClock "0:00:01"]

1. c4 c6 2. Nf3 d5 3. e3 Nf6 4. b3 Bg4 5. Bb2 Nbd7 6. h3 Bh5 7. Be2 e6 8. O-O Bd6 9. d4 O-O 10. Nbd2 Qe7 11. Ne5 Bxe2 12. Qxe2 Ba3 13. Ndf3 Bxb2 14. Qxb2 Nxe5 15. Nxe5 Nd7 16. Nd3 Rab8 17. Rfc1 dxc4 18. Rxc4 Rfe8 19. Rd1 Rbd8 20. f4 Nb6 21. Rc5 Nd5 22. Qf2 Nf6 23. Qf3 Nd7 24. Rc2 Nf6 25. Rdc1 Nd5 26. Rc4 Nb6 27. Rc5 Nd7 28. R5c2 Nf6 29. Kh2 Nd5 30. Rc5 Nf6 31. b4 Nd7 32. R5c2 Nf6 33. a3 a5 34. Rb1 axb4 35. axb4 Nd5 36. b5 Qa3 37. Nc5 cxb5 38. Nxb7 Rb8 39. Rxb5 Qxe3 40. Qxe3 Nxe3 41. Rcb2 Nd5 42. Nd6 Rxb5 43. Rxb5 Rd8 44. g3 h5 45. Ne4 Ne3 46. Rxh5 Rxd4 47. Nc5 Rd2+ 48. Kg1 Nf5 49. Ne4 Re2 50. g4 Rxe4 51. gxf5 exf5 52. Rxf5 g6 53. Rf6 Kg7 54. Ra6 Rxf4 55. Kg2 Rf6 56. Ra7 Rf5 57. Kg3 g5 58. Ra6 Rf6 59. Ra5 Kg6 60. Kg4 Rf4+ 61. Kg3 Rc4 62. Ra6+ f6 63. Ra3 Rd4 64. Rb3 Rf4 65. Ra3 Rh4 66. Ra8 Rd4 67. Ra3 Kh5 68. Rb3 f5 69. Rb8 Rd3+ 70. Kg2 f4 71. Rh8+ Kg6 72. Rg8+ Kf5 73. Rf8+ Ke4 74. Re8+ Kd4 75. Rd8+ Ke3 76. Re8+ Kd2 77. Re5 Rg3+ 78. Kh2 Kd3 79. Re8 Re3 80. Rg8 Re5 81. Kg2 Ke3 82. Rf8 Ke4 83. Kf2 Rb5 84. Re8+ Re5 85. Rf8 Kd3 86. Rg8 Re2+ 87. Kf3 Re3+ 88. Kf2 Rxh3 89. Rxg5 Ke4 90. Ra5 Rh2+ 91. Kf1 Rb2 92. Ra4+ Kf3 93. Ra3+ Kg4 94. Rc3 Rd2 95. Ra3 Rb2 96. Rc3 f3 97. Rc8 Rb1+ 98. Kf2 Rb2+ 99. Kf1 Kg3 100. Rg8+ Kf4 101. Rf8+ Ke3 102. Re8+ Kd3 103. Rf8 Rb1+ 104. Kf2 Rb2+ 105. Kxf3 Kc2 106. Rd8 Rb3+ 107. Ke2 Rc3 108. Rb8 Rb3 109. Ra8 Rc3 110. Ra2+ Kb3 111. Ra8 Rc2+ 112. Kd3 Rc5 113. Rb8+ Ka4 114. Kd4 Rb5 115. Ra8+ Kb4 116. Ra1 Ra5 117. Rb1+ Ka4 118. Kc4 Re5 119. Ra1# 1-0


[Site "https://www.chess.com"]

[Event "Titled Tuesday Blitz May 4 2021"]
[White "Hansen, Soren Bech"]
[Black "PattyCastillo"]
[WhiteFideId "1400681"]
[WhiteElo "2238"]
[BlackElo "2004"]
[Result "1-0"]
[Round "04"]
[TimeControl "180+1"]
[Date "2021.05.04"]
[WhiteClock "0:00:39"]
[BlackClock "0:00:12"]

1. e4 c5 2. Nf3 d6 3. Bb5+ Nd7 4. Ba4 Nf6 5. O-O g6 6. Re1 Bg7 7. c3 O-O 8. d4 cxd4 9. cxd4 Qc7 10. Nc3 a6 11. Bg5 h6 12. Bh4 b5 13. Bb3 Bb7 14. Rc1 Qb8 15. e5 dxe5 16. dxe5 Bxf3 17. Qxf3 Nxe5 18. Qg3 Nh5 19. Qh3 Nf4 20. Qe3 Nfd3 21. Bg3 Nxc1 22. Qxc1 Nd3 23. Qe3 Nxe1 24. Bxb8 Raxb8 25. Qxe1 e6 26. h4 b4 27. Ne4 Bxb2 28. h5 Kg7 29. hxg6 fxg6 30. Nc5 Rf6 31. Nxe6+ Kh7 32. Qe2 Bc3 33. Qxa6 Re8 34. Qa7+ 1-0


[Site "https://www.chess.com"]

[Event "Titled Tuesday Blitz May 4 2021"]
[White "Harshavardhan G B"]
[Black "Garcia Fuentes, Sergio Miguel"]
[WhiteFideId "25059009"]
[BlackFideId "7300549"]
[WhiteElo "1825"]
[BlackElo "2167"]
[Result "1-0"]
[Round "04"]
[TimeControl "180+1"]
[Date "2021.05.04"]
[WhiteClock "0:01:12"]
[BlackClock "0:00:03"]

1. e4 e5 2. Nc3 Nf6 3. Bc4 Nxe4 4. Qh5 Nd6 5. Bb3 g6 6. Qxe5+ Qe7 7. Nf3 Nc6 8. Qxe7+ Bxe7 9. Nd5 Bd8 10. d4 O-O 11. O-O Na5 12. Bh6 Nxb3 13. axb3 Re8 14. Bg5 c6 15. Bxd8 cxd5 16. Bb6 a6 17. Rae1 Re6 18. Ng5 Rxe1 19. Rxe1 f6 20. Bc5 Ne4 21. Nxe4 dxe4 22. Rxe4 d6 23. Bxd6 Bf5 24. Re7 Bxc2 25. Rxb7 a5 26. f3 a4 27. bxa4 Rxa4 28. Bc5 Bd3 29. Kf2 Bc4 30. Rd7 Ra2 31. Ba3 Ra1 32. d5 Rd1 33. d6 Rd2+ 34. Ke3 Rxg2 35. Rc7 Be6 36. d7 Bxd7 37. Rxd7 Rxh2 38. b4 Rc2 39. b5 1-0


[Site "https://www.chess.com"]

[Event "Titled Tuesday Blitz May 4 2021"]
[White "Hasangatin, Ramil"]
[Black "Ptacnikova, Lenka"]
[WhiteFideId "4122160"]
[BlackFideId "305650"]
[WhiteElo "2430"]
[BlackElo "1984"]
[Result "1-0"]
[Round "04"]
[TimeControl "180+1"]
[Date "2021.05.04"]
[WhiteClock "0:02:12"]
[BlackClock "0:01:13"]

1. e4 c5 2. Nf3 e6 3. g3 b6 4. Bg2 Bb7 5. d3 g6 6. O-O Bg7 7. Re1 Ne7 8. c3 O-O 9. d4 d5 10. e5 Nbc6 11. Nbd2 cxd4 12. cxd4 b5 13. Nb3 b4 14. Nc5 Bc8 15. Bf4 Qb6 16. Rc1 Qa5 17. Qd2 Qxa2 18. Ra1 Qc4 19. Bf1 Nxd4 20. Qxd4 Qxd4 21. Nxd4 a5 22. Bb5 h6 23. h4 Rd8 24. Ra4 Bf8 25. Rea1 Nf5 26. Nxf5 Bxc5 27. Nxh6+ 1-0


[Site "https://www.chess.com"]

[Event "Titled Tuesday Blitz May 4 2021"]
[White "Havanecz, Bianka"]
[Black "Gandhi, Shyam"]
[WhiteFideId "704814"]
[BlackFideId "2052008"]
[WhiteElo "2332"]
[BlackElo "1951"]
[Result "1/2-1/2"]
[Round "04"]
[TimeControl "180+1"]
[Date "2021.05.04"]
[WhiteClock "0:00:02"]
[BlackClock "0:00:31"]

1. d4 g6 2. c4 Bg7 3. Nc3 d6 4. e4 e5 5. d5 f5 6. exf5 gxf5 7. f4 Nf6 8. fxe5 dxe5 9. Nf3 e4 10. Ng5 O-O 11. Be2 h6 12. Nh3 c6 13. O-O cxd5 14. cxd5 Qb6+ 15. Kh1 Na6 16. Nf4 e3 17. Na4 Qb4 18. Bxe3 Ne4 19. a3 Qe7 20. Ng6 Ng3+ 21. hxg3 Qxe3 22. Nxf8 Bxf8 23. Rf3 Qg5 24. Rc1 Bd7 25. Bxa6 Bxa4 26. Qe1 Re8 27. Qf1 bxa6 28. Rxf5 Qxg3 29. Rc4 Re1 30. Rxf8+ Kg7 31. Rf7+ Kg6 32. Rf6+ Kg7 33. Rf7+ Kg6 34. Rf6+ Kg7 35. Rf7+ 1/2-1/2


[Site "https://www.chess.com"]

[Event "Titled Tuesday Blitz May 4 2021"]
[White "Hess, Robert"]
[Black "gross-aleks"]
[WhiteFideId "2022036"]
[WhiteElo "2806"]
[BlackElo "2602"]
[Result "1-0"]
[Round "04"]
[TimeControl "180+1"]
[Date "2021.05.04"]
[WhiteClock "0:00:07"]
[BlackClock "0:00:09"]

1. b3 b6 2. Bb2 Bb7 3. Nf3 f5 4. d3 Nf6 5. Nbd2 e6 6. g3 Be7 7. Bg2 Qc8 8. O-O O-O 9. Re1 d5 10. Ng5 h6 11. Nh3 c5 12. e4 fxe4 13. dxe4 d4 14. Nf4 Nc6 15. e5 Nh7 16. Qg4 Nd8 17. Ne4 Rf5 18. Ng6 Qd7 19. f4 Nf8 20. Nxe7+ Qxe7 21. Nd6 Bxg2 22. Kxg2 Qd7 23. Qf3 Qc6 24. Nxf5 exf5 25. c3 Qxf3+ 26. Kxf3 dxc3 27. Bxc3 Nde6 28. Rad1 a5 29. Rd6 b5 30. Red1 b4 31. Be1 a4 32. Bf2 axb3 33. axb3 Ra3 34. R1d3 g5 35. Rc6 g4+ 36. Kg2 Ra2 37. Kf1 Rc2 38. Rdd6 Kf7 39. Rd5 Rc1+ 40. Ke2 Rc2+ 41. Ke1 Rc1+ 42. Kd2 Rb1 43. Bxc5 Rb2+ 44. Kc1 Rxb3 45. Bxf8 Nxf8 46. Rf6+ Ke7 47. Ra5 Nd7 48. Ra7 Rc3+ 49. Kb2 Rf3 50. Rd6 Rf2+ 51. Kb3 1-0


[Site "https://www.chess.com"]